 Dungeon Crawl Stone Soup version 0.28.0-45-g0d030f2227 (webtiles) character file.

Game seed: 7240827338563991336

210 seaoflcl the Skirmisher (level 6, -3/48 HPs)
             Began as a Human Fighter on Apr 11, 2022.
             Was a Believer of Wu Jian.
             Slain by an orc warrior
             ... wielding a +0 glaive
              (20 damage)
             ... on level 3 of the Dungeon.
             The game lasted 00:04:37 (2021 turns).

seaoflcl the Skirmisher (Human Fighter)             Turns: 2021, Time: 00:04:37

Health: -3/48      AC: 10    Str: 18    XL:     6   Next: 12%
Magic:  6/6        EV:  9    Int:  9    God:    Wu Jian [**....]
Gold:   72         SH:  4    Dex: 12    Spells: 5/5 levels left

rFire   . . .      SeeInvis .   e - +2 spear (flame)
rCold   . . .      Faith    .   c - +0 buckler
rNeg    . . .      Spirit   .   b - +0 scale mail
rPois   .          Reflect  .   (no helmet)
rElec   .          Harm     .   (no cloak)
rCorr   .          Rampage  .   q - +2 pair of gloves
Will    .....                   (no boots)
Stlth   ..........              (no amulet)
HPRegen 0.16/turn               (no ring)
MPRegen 0.10/turn               (no ring)

@: no status effects
A: no striking features
a: Renounce Religion, Wall Jump


You were on level 3 of the Dungeon.
You worshipped Wu Jian.
Wu Jian was pleased with you.
You visited 1 branch of the dungeon, and saw 3 of its levels.

You collected 72 gold pieces.

Inventory:

Hand Weapons
 a - a +0 long sword
 e - a +2 spear of flaming (weapon)
Missiles
 h - 63 sling bullets
 k - 2 throwing nets (quivered)
Armour
 b - a +0 scale mail (worn)
 c - a +0 buckler (worn)
 q - a +2 pair of gloves (worn)
Wands
 f - a wand of flame (15)
Scrolls
 j - a scroll of noise {unknown}
 n - a scroll of torment {unknown}
 o - a scroll of summoning {unknown}
 p - a scroll of holy word {unknown}
 r - a scroll of blinking {unknown}
 s - 3 scrolls of magic mapping {unknown}
Potions
 d - a potion of degeneration
 g - 2 potions of heal wounds
 i - 2 potions of curing
 l - a potion of berserk rage {unknown}
 m - a potion of lignification
 t - 2 potions of might
 u - a potion of attraction {unknown}
 v - a potion of ambrosia {unknown}


   Skills:
 + Level 4.1 Fighting
 + Level 2.0 Long Blades
 + Level 2.9 Polearms
 + Level 3.9 Armour
 + Level 0.8 Dodging
 + Level 0.7 Stealth
 + Level 3.3 Shields


You had 5 spell levels left.
You didn't know any spells.
Your spell library contained the following spells:

 Spells                   Type           Power      Damage    Failure   Level
 Corpse Rot               Necr/Air       0%         N/A       94%         2
 Ensorcelled Hibernation  Hex/Ice        0%         N/A       94%         2
 Passwall                 Tmut/Erth      0%         N/A       94%         2
 Swiftness                Air            0%         N/A       99%         3
 Dispel Undead            Necr           0%         3d6       100%        4
 Death Channel            Necr           0%         N/A       100%        6


Dungeon Overview and Level Annotations

Branches:
Dungeon (3/15)

Altars:
Qazlal
Wu Jian


Message History

The electric eel is almost dead.
You puncture the electric eel! You burn the electric eel.
You kill the electric eel!
The Council accepts your kill.
You hear a splash.
You have reached level 6!
You enter the shallow water.
Moving in this stuff is going to be slow.
You puncture the plant!
The plant begins to die.
You burn the plant.
The plant is lightly damaged.
Your unstable footing causes you to fumble your attack.
A nearby plant withers and dies.
You open the door.
There is an open door here.
v - a smoky silvery potion
There are no items here.
There is a transporter here.
You enter the transporter and appear at another place.
An orc comes into view. It is wielding a +0 club.
The orc shouts!
You hear a shout!
An orc warrior comes into view. It is wielding a +0 glaive.
You reach to attack!
You hit the orc. You burn the orc.
The orc is heavily wounded.
You hit the orc but do no damage.
The orc is heavily wounded.
The orc hits you but does no damage.
You hit the orc but do no damage.
The orc is heavily wounded.
You block the orc's attack.
You closely miss the orc.
The orc is heavily wounded.
The orc barely misses you.
The orc warrior hits you from afar with a +0 glaive!
You hit the orc. You burn the orc.
You kill the orc!
The Council accepts your kill.
The orc warrior hits you from afar with a +0 glaive!!
You lunge at the orc warrior.
You barely miss the orc warrior.
The orc warrior hits you with a +0 glaive!!
You die...

.... #..(......# # ....
##.###.###.### ##...
#............. .$.#
#.############ # #..#
##.#8P#≈≈≈≈≈≈≈# ###.##..#
##..#..#≈PP≈≈..# ........##
#..©#©.'≈≈P⌠≈..'
###.#....####...#..#≈≈≈≈≈..#
#.......o@....#8P#≈≈≈≈≈≈†#
#........####.############
#.....#### #.............
#####.# ############## #.#
#.# #.# #.# #.#


You could see an orc warrior.

Vanquished Creatures
  2 electric eels (D:3)
  An orc priest (D:3)
  Robin (D:2)
  2 adders (D:3)
  4 worms
  2 dart slugs (D:2)
  4 orcs (D:3)
  7 ball pythons
  4 endoplasms
  3 giant cockroaches
  10 goblins
  4 hobgoblins
  A quokka (D:3)
  2 bats (D:1)
  3 frilled lizards (D:1)
  4 kobolds
  A rat (D:2)
55 creatures vanquished.

Vanquished Creatures (others)
  A plant (D:3)
1 creature vanquished.

Grand Total: 56 creatures vanquished

Notes
Turn   | Place    | Note
-------+----------+-------------------------------------------
     0 | D:1      | seaoflcl the Human Fighter began the quest for the Orb.
     0 | D:1      | Reached XP level 1. HP: 18/18 MP: 1/1
    95 | D:1      | Reached XP level 2. HP: 22/24 MP: 2/2
   316 | D:1      | Found a faded altar of an unknown god.
   479 | D:1      | Prayed at the altar of an unknown god.
   479 | D:1      | Became a worshipper of the Wu Jian Council
   479 | D:1      | Reached * piety under Wu Jian
   558 | D:2      | Reached XP level 3. HP: 20/29 MP: 3/3
   834 | D:2      | Noticed Robin
   849 | D:2      | Killed Robin
   850 | D:2      | Reached skill level 1 in Polearms
   850 | D:2      | Reached XP level 4. HP: 19/37 MP: 4/4
  1192 | D:2      | Found a stormy altar of Qazlal.
  1306 | D:2      | Reached ** piety under Wu Jian
  1458 | D:2      | Reached skill level 4 in Fighting
  1633 | D:3      | Reached XP level 5. HP: 39/42 MP: 5/5
  1740 | D:3      | Found a transporter.
  1934 | D:3      | Found a transporter.
  1986 | D:3      | Reached XP level 6. HP: 48/48 MP: 6/6
  2009 | D:3      | Noticed an orc warrior
  2021 | D:3      | Slain by an orc warrior

Illustrated notes

Levels and vault maps discovered:
D:1:      scummos_arrival_forest, layout_rooms,
          hellmonk_ecumenical_altar_heavens_door, minmay_misc_feat_doors,
          serial_park_tiny_1, minmay_pentomino_p2
D:2:      layout_loops_ring, basic_altar, uniq_robin
D:3:      gammafunk_steamed_eel, layout_loops_corners,
          mainiacjoe_overflow_divided_tiny, minmay_crystal_water, uniq_sigmund

Skill      XL: |  1  2  3  4 |
---------------+-------------+-----
Polearms       | 1 2 |  2.9
Fighting       | 4 |  4.1
Long Blades    | |  2.0
Armour         | |  3.9
Dodging        | |  0.8
Stealth        | |  0.7
Shields        | |  3.3

Action                   |  1- 3 |  4- 6 || total
-------------------------+-------+-------++-------
Melee: Spear             |    77 |    72 ||   149
Invok: Lunge             |       |     1 ||     1
Evoke: Wand              |       |     1 ||     1
  Use: Potion            |       |     1 ||     1
       Scroll            |       |     4 ||     4
Armor: Scale mail        |    29 |    16 ||    45
Dodge: Dodged            |    22 |    19 ||    41
Block: Buckler           |     9 |    11 ||    20
